AoeStats
← Chântalion

Arabian Desert

510159246Analyzed
1v1 RM · 4d ago on Sep 29, 2026· 31m 28s· 2 players
Game mode
Random Map
Map size
Tiny (2 player)
Population
200
Speed
Normal
Resources
Standard
Victory
Conquest
Starting age
Dark Age
Ending age
Imperial Age
RankedLock teamsTeams togetherTeam positionsShared explorationLock speedFull tech treeHidden civsTurbo modeCheats
Victory
Defeat
🇫🇷 Britons · France
1156
+15
🇸🇰 Spanish · Slovakia
1143
-15
Chântalion
6:49 Loom
9:28 Feudal Age
9:54 Double-Bit Axe
11:38 Horse Collar
24:51 Fletching
25:38 Padded Archer Armor
27:42 Castle Age
26:56 Gold Mining
27:42 Elite Skirmisher
28:21 Bodkin Arrow
30:23 Scale Mail Armor
31:28 Town Watch
Guerrier Leffe
6:12 Loom
8:20 Feudal Age
9:35 Double-Bit Axe
12:36 Fletching
21:53 Castle Age
21:08 Padded Archer Armor
22:31 Crossbowman
23:13 Bodkin Arrow
26:33 Bow Saw
28:25 Leather Archer Armor
29:52 Town Watch
30:45 Wheelbarrow
31:00 Ballistics
Connection lost

Rejoining the realm…

Still unreachable

The connection could not be restored.

Session expired

The server has moved on; the page needs a fresh start.